TOP OF THE 1ST |
Texas Longhorns batting - Pitching for Boston College Eagles : RHP Hoyt Baldwin
|
Pitching: RHP Hoyt Baldwin
|
|
Batting: LHB Dave Tucker
|
0-0: Foul Ball, location: 2F 0-1: Swinging Strike 0-2: Ball 1-2: Fly out, F8 (Line Drive, 89D)
|
Batting: SHB Fabio Morán
|
0-0: Ball 1-0: Foul Ball, location: 2F 1-1: Swinging Strike 1-2: Ground out U3 (Groundball, 3)
|
Batting: RHB Joe Rogers
|
0-0: Swinging Strike 0-1: Ball 1-1: Ground out 6-3 (Groundball, 6S)
|
Top of the 1st over - 0 run(s), 0 hit(s), 0 error(s), 0 left on base; Texas 0 - Boston College 0 |
BOTTOM OF THE 1ST |
Boston College Eagles batting - Pitching for Texas Longhorns : RHP Danny Clayton
|
Pitching: RHP Danny Clayton
|
|
Batting: RHB Justin Waterston
|
0-0: Ball 1-0: Called Strike 1-1: Ball 2-1: Fly out, F9 (Line Drive, 9)
|
Batting: RHB Armando Blanco
|
0-0: Foul Ball, location: 2F 0-1: Ball 1-1: Ball 2-1: Fly out, F8 (Flyball, 8RM)
|
Batting: SHB Felipe Castro
|
0-0: Foul Ball, location: 2F 0-1: SINGLE (Groundball, 3D)
|
Batting: LHB Rafael Yan
|
0-0: Ball 1-0: Ball 2-0: Called Strike 2-1: Ball 3-1: Called Strike 3-2: Fly out, F7 (Line Drive, 78M)
|
Bottom of the 1st over - 0 run(s), 1 hit(s), 0 error(s), 1 left on base; Texas 0 - Boston College 0 |
TOP OF THE 2ND |
Texas Longhorns batting - Pitching for Boston College Eagles : RHP Hoyt Baldwin
|
Batting: SHB Randy Anderson
|
0-0: Ball 1-0: Ball 2-0: Fly out, F9 (Flyball, 9S)
|
Batting: RHB John Burton
|
0-0: Reached on error, E6 (Groundball, 6)
|
Batting: RHB José Wills
|
0-0: Fly out, F6 (Line Drive, 6)
|
Batting: LHB Arlen Powers
|
0-0: Ball 1-0: Ball 2-0: Foul Ball, location: 2F 2-1: Swinging Strike 2-2: Foul Ball, location: 2F 2-2: Strikes out swinging
|
Top of the 2nd over - 0 run(s), 0 hit(s), 1 error(s), 1 left on base; Texas 0 - Boston College 0 |
BOTTOM OF THE 2ND |
Boston College Eagles batting - Pitching for Texas Longhorns : RHP Danny Clayton
|
Batting: RHB Ed Gómez
|
0-0: Foul Ball, location: 2F 0-1: Foul Ball, location: 2F 0-2: Ball 1-2: Ball 2-2: Strikes out swinging
|
Batting: RHB Stanley Wallace
|
0-0: Ball 1-0: Ball 2-0: Swinging Strike 2-1: Ball 3-1: Base on Balls
|
Batting: RHB Jason Sears
|
0-0: Ball 1-0: Called Strike 1-1: Foul Ball, location: 2F 1-2: Ball 2-2: Ball 3-2: SINGLE (Flyball, 89M) Stanley Wallace to second
|
Batting: RHB Alan Mercado
|
0-0: Swinging Strike 0-1: Called Strike 0-2: Foul Ball, location: 2F 0-2: Strikes out looking
|
Batting: SHB Marvin MacGeoch
|
0-0: Reached on error, E4 (Groundball, 34) Stanley Wallace to third Jason Sears to second
|
Batting: RHB Justin Waterston
|
0-0: Fly out, F7 (Line Drive, 78M)
|
Bottom of the 2nd over - 0 run(s), 1 hit(s), 1 error(s), 3 left on base; Texas 0 - Boston College 0 |
TOP OF THE 3RD |
Texas Longhorns batting - Pitching for Boston College Eagles : RHP Hoyt Baldwin
|
Batting: RHB Bob Cooper
|
0-0: Ball 1-0: Ball 2-0: Called Strike 2-1: Fly out, F9 (Line Drive, 9)
|
Batting: SHB Dave Hickman
|
0-0: Called Strike 0-1: Foul Ball, location: 2F 0-2: Strikes out swinging
|
Batting: LHB Dave Tucker
|
0-0: Ball 1-0: Foul Ball, location: 2F 1-1: Foul Ball, location: 2F 1-2: Ball 2-2: Ground out 1-3 (Groundball, 13S)
|
Top of the 3rd over - 0 run(s), 0 hit(s), 0 error(s), 0 left on base; Texas 0 - Boston College 0 |
BOTTOM OF THE 3RD |
Boston College Eagles batting - Pitching for Texas Longhorns : RHP Danny Clayton
|
Batting: RHB Armando Blanco
|
0-0: Fly out, F9 (Flyball, 9)
|
Batting: SHB Felipe Castro
|
0-0: Foul Ball, location: 2F 0-1: Ball 1-1: Foul Ball, location: 2F 1-2: Foul Ball, location: 2F 1-2: Ball 2-2: Ball 3-2: Fly out, F8 (Line Drive, 8LD)
|
Batting: LHB Rafael Yan
|
0-0: Ball 1-0: Ball 2-0: Ball 3-0: Called Strike 3-1: Base on Balls
|
Batting: RHB Ed Gómez
|
0-0: Fly out, F8 (Flyball, 8RM)
|
Bottom of the 3rd over - 0 run(s), 0 hit(s), 0 error(s), 1 left on base; Texas 0 - Boston College 0 |
TOP OF THE 4TH |
Texas Longhorns batting - Pitching for Boston College Eagles : RHP Hoyt Baldwin
|
Batting: SHB Fabio Morán
|
0-0: Ball 1-0: Called Strike 1-1: Called Strike 1-2: Ball 2-2: Ground out 3-1 (Groundball, 34)
|
Batting: RHB Joe Rogers
|
0-0: SINGLE (Flyball, 8RS)
|
Batting: SHB Randy Anderson
|
0-0: Called Strike 0-1: SINGLE (Popup, 34D) Joe Rogers to second Runner from 2nd tries for 3rd, SAFE, throw made to third Randy Anderson to second
|
Batting: RHB John Burton
|
0-0: SINGLE (Flyball, 8RM) Joe Rogers scores Randy Anderson to third Runner from 3rd tries for Home, SAFE, no throw
|
Batting: RHB José Wills
|
0-0: Called Strike 0-1: Foul Ball, location: 2F 0-2: Strikes out looking
|
Batting: LHB Arlen Powers
|
0-0: Ball 1-0: SINGLE (Line Drive, 6) John Burton to second
|
Batting: RHB Bob Cooper
|
0-0: Called Strike 0-1: SINGLE (Groundball, 6M) (infield hit) John Burton to third Arlen Powers to second
|
Batting: SHB Dave Hickman
|
0-0: Ball 1-0: Ball 2-0: Ball 3-0: Called Strike 3-1: DOUBLE (Groundball, 3L) John Burton scores Arlen Powers scores Bob Cooper to third Runner from 3rd tries for Home, SAFE, no throw
|
Batting: LHB Dave Tucker
|
0-0: Ball 1-0: Ball 2-0: Ball 3-0: Called Strike 3-1: Base on Balls
|
Batting: SHB Fabio Morán
|
0-0: Called Strike 0-1: Ball 1-1: Called Strike 1-2: Strikes out swinging
|
Top of the 4th over - 5 run(s), 6 hit(s), 0 error(s), 2 left on base; Texas 5 - Boston College 0 |
BOTTOM OF THE 4TH |
Boston College Eagles batting - Pitching for Texas Longhorns : RHP Danny Clayton
|
Batting: RHB Stanley Wallace
|
0-0: Foul Ball, location: 2F 0-1: Foul Ball, location: 2F 0-2: Ball 1-2: Ball 2-2: Strikes out swinging
|
Batting: RHB Jason Sears
|
0-0: Ball 1-0: Called Strike 1-1: Ball 2-1: Called Strike 2-2: Ground out 5-3 (Groundball, 5S)
|
Batting: RHB Alan Mercado
|
0-0: Ground out 5-3 (Groundball, 56)
|
Bottom of the 4th over - 0 run(s), 0 hit(s), 0 error(s), 0 left on base; Texas 5 - Boston College 0 |
TOP OF THE 5TH |
Texas Longhorns batting - Pitching for Boston College Eagles : RHP Hoyt Baldwin
|
Batting: RHB Joe Rogers
|
0-0: Ball 1-0: Ground out 1-3 (Groundball, P)
|
Batting: SHB Randy Anderson
|
0-0: Ball 1-0: Ball 2-0: Ball 3-0: Base on Balls
|
Batting: RHB John Burton
|
0-0: Ball 1-0: Foul Ball, location: 2F 1-1: Foul Ball, location: 2F 1-2: SINGLE (Groundball, 4D) Randy Anderson to second Runner from 2nd tries for 3rd, OUT!
|
Batting: RHB José Wills
|
0-0: Swinging Strike 0-1: Swinging Strike 0-2: Ball 1-2: DOUBLE (Flyball, 8RXD) John Burton to third Runner from 3rd tries for Home, SAFE, throw made home
|
Pitching: RHP David Hesketh
|
|
Batting: LHB Arlen Powers
|
0-0: Ball 1-0: Ball 2-0: Ball 3-0: Base on Balls
|
Batting: RHB Bob Cooper
|
0-0: Ball 1-0: Foul Ball, location: 2F 1-1: Ball 2-1: Ball 3-1: Foul Ball, location: 2F 3-2: Base on Balls José Wills to third Arlen Powers to second
|
Batting: SHB Dave Hickman
|
0-0: Ground out 4-3 (Groundball, 4D)
|
Top of the 5th over - 1 run(s), 2 hit(s), 0 error(s), 3 left on base; Texas 6 - Boston College 0 |
BOTTOM OF THE 5TH |
Boston College Eagles batting - Pitching for Texas Longhorns : RHP Danny Clayton
|
Batting: SHB Marvin MacGeoch
|
0-0: Swinging Strike 0-1: Called Strike 0-2: Ball 1-2: Ball 2-2: Strikes out looking
|
Batting: RHB Justin Waterston
|
0-0: Ball 1-0: Called Strike 1-1: Ball 2-1: Swinging Strike 2-2: Fly out, F8 (Flyball, 8LM)
|
Batting: RHB Armando Blanco
|
0-0: Ball 1-0: Swinging Strike 1-1: Called Strike 1-2: Ground out U3 (Groundball, 3L)
|
Bottom of the 5th over - 0 run(s), 0 hit(s), 0 error(s), 0 left on base; Texas 6 - Boston College 0 |
TOP OF THE 6TH |
Texas Longhorns batting - Pitching for Boston College Eagles : RHP David Hesketh
|
Batting: LHB Dave Tucker
|
0-0: Ball 1-0: Ball 2-0: Called Strike 2-1: Foul Ball, location: 2F 2-2: Strikes out swinging
|
Batting: SHB Fabio Morán
|
0-0: Ball 1-0: Ball 2-0: Ball 3-0: Called Strike 3-1: Swinging Strike 3-2: Fly out, F6 (Popup, 6MD)
|
Batting: RHB Joe Rogers
|
0-0: Ball 1-0: Ground out 4-3 (Groundball, 4)
|
Top of the 6th over - 0 run(s), 0 hit(s), 0 error(s), 0 left on base; Texas 6 - Boston College 0 |
BOTTOM OF THE 6TH |
Boston College Eagles batting - Pitching for Texas Longhorns : RHP Danny Clayton
|
Batting: SHB Felipe Castro
|
0-0: Foul Ball, location: 2F 0-1: Foul Ball, location: 2F 0-2: Ball 1-2: Ball 2-2: Ground out 4-3 (Groundball, 4)
|
Pitching: LHP Tim Morrison
|
|
Batting: LHB Rafael Yan
|
0-0: Called Strike 0-1: Ball 1-1: SOLO HOME RUN (Flyball, 9D), Distance : 343 ft
|
Batting: RHB Ed Gómez
|
0-0: Called Strike 0-1: Ball 1-1: Ball 2-1: Foul Ball, location: 2F 2-2: Foul Ball, location: 2F 2-2: Foul Ball, location: 2F 2-2: Foul Ball, location: 2F 2-2: Ground out 1-3 (Groundball, 15S)
|
Batting: RHB Stanley Wallace
|
0-0: Ball 1-0: Ball 2-0: Ball 3-0: Base on Balls
|
Batting: RHB Jason Sears
|
0-0: Ball 1-0: Ball 2-0: Called Strike 2-1: Ball 3-1: Base on Balls Stanley Wallace to second
|
Batting: RHB Alan Mercado
|
0-0: Ball 1-0: Called Strike 1-1: Foul Ball, location: 2F 1-2: Ball 2-2: Ball 3-2: Foul Ball, location: 2F 3-2: Ground out 6-3 (Groundball, 6)
|
Bottom of the 6th over - 1 run(s), 1 hit(s), 0 error(s), 2 left on base; Texas 6 - Boston College 1 |
TOP OF THE 7TH |
Texas Longhorns batting - Pitching for Boston College Eagles : RHP David Hesketh
|
Batting: SHB Randy Anderson
|
0-0: Called Strike 0-1: Ball 1-1: Hit by Pitch
|
Batting: RHB John Burton
|
0-0: Ball 1-0: Ball Wild Pitch! Randy Anderson to second 2-0: Ball 3-0: Foul Ball, location: 2F 3-1: Base on Balls
|
Batting: RHB José Wills
|
0-0: SINGLE (Flyball, 8LS) Randy Anderson to third John Burton to second Runner from 3rd tries for Home, SAFE, no throw
|
Batting: LHB Arlen Powers
|
0-0: Foul Ball, location: 2F 0-1: SINGLE (Line Drive, 8LS) John Burton to third José Wills to second
|
Batting: RHB Bob Cooper
|
0-0: Called Strike 0-1: Ball 1-1: Fly out, F5 (Line Drive, 56)
|
Batting: SHB Dave Hickman
|
0-0: Called Strike 0-1: Foul Ball, location: 2F 0-2: Ball 1-2: Ball 2-2: Ball 3-2: Base on Balls John Burton scores José Wills to third Arlen Powers to second
|
Batting: LHB Dave Tucker
|
0-0: Ball 1-0: Foul Ball, location: 2F 1-1: Foul Ball, location: 2F 1-2: Ball 2-2: Strikes out swinging
|
Batting: SHB Fabio Morán
|
0-0: Ball 1-0: DOUBLE (Line Drive, 89M) José Wills scores Arlen Powers scores Dave Hickman to third Runner from 3rd tries for Home, SAFE, no throw
|
Pitching: RHP Jeff Tucker
|
|
Pinch Runner at 2nd Germán Díaz:
|
|
Batting: RHB Joe Rogers
|
0-0: Ball 1-0: Called Strike 1-1: Ball 2-1: Ball 3-1: Fly out, F6 (Popup, 56D)
|
Top of the 7th over - 5 run(s), 3 hit(s), 0 error(s), 1 left on base; Texas 11 - Boston College 1 |
BOTTOM OF THE 7TH |
Boston College Eagles batting - Pitching for Texas Longhorns : LHP Tim Morrison
|
Now in LF: Germán Díaz
|
|
Batting: SHB Marvin MacGeoch
|
0-0: Called Strike 0-1: Ground out 6-3 (Groundball, 6)
|
Batting: RHB Justin Waterston
|
0-0: Swinging Strike 0-1: Called Strike 0-2: Ball 1-2: Ball 2-2: Strikes out swinging
|
Batting: RHB Armando Blanco
|
0-0: Swinging Strike 0-1: Ball 1-1: Called Strike 1-2: Ball 2-2: Fly out, F7 (Line Drive, 7D)
|
Bottom of the 7th over - 0 run(s), 0 hit(s), 0 error(s), 0 left on base; Texas 11 - Boston College 1 |
TOP OF THE 8TH |
Texas Longhorns batting - Pitching for Boston College Eagles : RHP Jeff Tucker
|
Batting: SHB Randy Anderson
|
0-0: Called Strike 0-1: Ball 1-1: Ball 2-1: Ground out U3 (Groundball, 3)
|
Batting: RHB John Burton
|
0-0: Ball 1-0: Foul Ball, location: 2F 1-1: Ball 2-1: Ball 3-1: Fly out, F9 (Flyball, 9)
|
Batting: RHB José Wills
|
0-0: Foul Ball, location: 2F 0-1: Ball 1-1: Foul Ball, location: 2F 1-2: Foul Ball, location: 2F 1-2: Strikes out swinging
|
Top of the 8th over - 0 run(s), 0 hit(s), 0 error(s), 0 left on base; Texas 11 - Boston College 1 |
BOTTOM OF THE 8TH |
Boston College Eagles batting - Pitching for Texas Longhorns : LHP Tim Morrison
|
Batting: SHB Felipe Castro
|
0-0: Ball 1-0: Foul Ball, location: 2F 1-1: Ball 2-1: Ball 3-1: Called Strike 3-2: Foul Ball, location: 2F 3-2: SOLO HOME RUN (Flyball, 8RXD), Distance : 407 ft
|
Batting: LHB Rafael Yan
|
0-0: Called Strike 0-1: Ball 1-1: Foul Ball, location: 2F 1-2: Ball 2-2: Fly out, F9 (Flyball, 9S)
|
Batting: RHB Ed Gómez
|
0-0: Ball 1-0: Fly out, F5 (Line Drive, 5L)
|
Batting: RHB Stanley Wallace
|
0-0: Ball 1-0: Called Strike 1-1: Swinging Strike 1-2: Strikes out swinging
|
Bottom of the 8th over - 1 run(s), 1 hit(s), 0 error(s), 0 left on base; Texas 11 - Boston College 2 |
TOP OF THE 9TH |
Texas Longhorns batting - Pitching for Boston College Eagles : RHP Jeff Tucker
|
Pitching: RHP Donnie Carpenter
|
|
Batting: LHB Arlen Powers
|
0-0: Fly out, F6 (Line Drive, 56)
|
Batting: RHB Bob Cooper
|
0-0: SINGLE (Line Drive, 78M)
|
Batting: SHB Dave Hickman
|
0-0: Ball 1-0: Called Strike 1-1: Ball 2-1: SINGLE (Line Drive, 78M) Bob Cooper to second
|
Batting: LHB Dave Tucker
|
0-0: Reached on error, E8 (Flyball, 8LM) Bob Cooper to third Dave Hickman to second
|
Batting: LHB Germán Díaz
|
0-0: Foul Ball, location: 2F 0-1: Foul Ball, location: 2F 0-2: Strikes out swinging
|
Batting: RHB Joe Rogers
|
0-0: Called Strike 0-1: Foul Ball, location: 2F 0-2: Ball 1-2: Strikes out swinging
|
Top of the 9th over - 0 run(s), 2 hit(s), 1 error(s), 3 left on base; Texas 11 - Boston College 2 |
BOTTOM OF THE 9TH |
Boston College Eagles batting - Pitching for Texas Longhorns : LHP Tim Morrison
|
Pitching: LHP John Case
|
|
Batting: RHB Jason Sears
|
0-0: Fly out, F7 (Flyball, 78M)
|
Batting: RHB Alan Mercado
|
0-0: Ball 1-0: Ball 2-0: Ball 3-0: Called Strike 3-1: Base on Balls
|
Batting: SHB Marvin MacGeoch
|
0-0: Called Strike 0-1: Ball Wild Pitch! Alan Mercado to second 1-1: Foul Ball, location: 2F 1-2: Single, Error in OF, E7, batter to second base Alan Mercado scores
|
Batting: RHB Justin Waterston
|
0-0: Called Strike 0-1: Ball 1-1: Ball 2-1: SINGLE (Line Drive, 4M) Marvin MacGeoch to third
|
Batting: RHB Armando Blanco
|
0-0: Ball 1-0: Ball 2-0: Called Strike 2-1: Called Strike 2-2: Strikes out swinging
|
Batting: SHB Felipe Castro
|
0-0: Called Strike 0-1: Foul Ball, location: 2F 0-2: Ball 1-2: Ball 2-2: Ball 3-2: Foul Ball, location: 2F 3-2: Foul Ball, location: 2F 3-2: Base on Balls Justin Waterston to second
|
Batting: LHB Rafael Yan
|
0-0: Called Strike 0-1: Swinging Strike 0-2: Foul Ball, location: 2F 0-2: Ball 1-2: Ball Wild Pitch! Marvin MacGeoch scores Justin Waterston to third Felipe Castro to second 2-2: Foul Ball, location: 2F 2-2: Ground out 4-3 (Groundball, 4)
|
Bottom of the 9th over - 2 run(s), 2 hit(s), 1 error(s), 2 left on base; Texas 11 - Boston College 4 |
|